 Dungeon Crawl Stone Soup version 0.29.1-15-g9cfb28693d (webtiles) character file.

Game seed: 16696747444772783420

71 hawla the Firebug (level 4, -5/33 HPs)
             Began as a Meteoran Fire Elementalist on May 1, 2023.
             Slain by a gnoll
             ... wielding a +0 flail
              (9 damage)
             ... on level 4 of the Dungeon.
             The game lasted 00:02:48 (890 turns).

hawla the Firebug (Meteoran Fire Elementalist)       Turns: 890, Time: 00:02:48

Health: -5/33      AC:  2    Str: 10    XL:     4   Next: 75%
Magic:  8/10       EV: 13    Int: 18    God:
Gold:   61         SH:  0    Dex: 14    Spells: 7/10 levels left

rFire   . . .      SeeInvis .   g - +0 dagger (venom)
rCold   . . .      Faith    .   (no shield)
rNeg    . . .      Spirit   .   a - +0 robe
rPois   .          Reflect  .   (no helmet)
rElec   .          Harm     .   (no cloak)
rCorr   .          Rampage  .   (no gloves)
Will    .....                   (no boots)
Stlth   +.........              (no amulet)
HPRegen 0.11/turn               (no ring)
MPRegen 0.12/turn               (no ring)

@: glowing
A: sense surroundings 1, otherworldly, glowing, explore regen
a: no special abilities


You were on level 4 of the Dungeon.
You visited 1 branch of the dungeon, and saw 4 of its levels.

You collected 61 gold pieces.

Inventory:

Hand Weapons
 g - a +0 dagger of venom (weapon)
Armour
 a - a +0 robe (worn)
Jewellery
 d - a +6 ring of intelligence
Wands
 l - a wand of flame (21)
Scrolls
 e - a scroll of brand weapon {unknown}
 h - a scroll of poison
 k - a scroll of teleportation {unknown}
Potions
 b - a potion of magic
 f - a potion of lignification {unknown}
 i - a potion of heal wounds {unknown}


   Skills:
 + Level 0.1 Fighting
 + Level 3.0 Dodging
 - Level 1.4 Stealth
 + Level 3.8 Spellcasting
 + Level 1.9 Conjurations
 + Level 4.7 Fire Magic


You had 7 spell levels left.
You knew the following spells:

 Your Spells              Type           Power      Damage    Failure   Level
a - Foxfire               Conj/Fire      60%        2x1d7     3%          1
b - Scorch                Fire           40%        2d7       3%          2

Your spell library contained the following spells:

 Spells                   Type           Power      Damage    Failure   Level
 Conjure Flame            Conj/Fire      15%        6-21      12%         3
 Inner Flame              Hex/Fire       11%        N/A       17%         3
 Flame Wave               Conj/Fire      15%        2d7       36%         4
 Gell's Gravitas          Tloc           3%         N/A       41%         3
 Teleport Other           Tloc           3%         N/A       41%         3
 Dispersal                Tloc           1%         N/A       100%        6


Dungeon Overview and Level Annotations

Branches:
Dungeon (3/15) Zot: 1503   Temple (0/1) D:4

Altars:
Okawaru

Shops:
D:1 [


Innate Abilities, Weirdness & Mutations

You passively map a small area around you.
You are easily found by Zot.
You glow in the dark.
You regain HP and MP as you explore.


Message History

You see here a hobgoblin corpse.
You open the door.
There is an open door here.
A gnoll comes into view. It is wielding a +0 flail.
Found 8 gold pieces.
The gnoll shouts!
A gnoll is nearby!
A gnoll is nearby!
A gnoll is nearby!
A gnoll comes into view. It is wielding a +1 whip of holy wrath.
Found 6 gold pieces.
Found a stone staircase leading down.
The gnoll shouts!
A gnoll comes into view. It is wielding a +0 flail.
The gnoll shouts!
The gnoll barely misses you.
You closely miss the gnoll. The gnoll hits you with a +0 flail!
You hit the gnoll.
The gnoll is poisoned.
The gnoll is lightly wounded.
The gnoll hits you with a +0 flail!
Casting: Foxfire (safe; 3% risk of failure)
Confirm with . or Enter, or press ? or * to list all spells.
You don't know that spell.
It was a potion of curing.
You feel better. The gnoll misses you.
Casting: Foxfire (safe; 3% risk of failure)
Confirm with . or Enter, or press ? or * to list all spells.
You don't know that spell.
Casting: Foxfire (safe; 3% risk of failure)
Confirm with . or Enter, or press ? or * to list all spells.
Flames lash the gnoll.
The gnoll is heavily wounded.
The gnoll's fire resistance burns away.
The gnoll barely misses you. The gnoll hits you but does no damage.
The gnoll hits you with a +0 flail.
Unknown command.
As you read the scroll labelled FAZ YWAINLEUM, it crumbles to dust.
It is a scroll of identify.
h - a scroll of poison The gnoll hits you with a +0 flail!
* * * LOW HITPOINT WARNING * * *
The gnoll misses you. The gnoll hits you with a +0 flail!
You die...

, ,#..........#
,........#≈≈.≈≈#....# ,
*
........#)≈.≈)#....###
, ,
#.$....#≈≈.≈≈####.#8# ,
#..>...#..8..# #..># *
,
#......#.8_8.####.#8##
, ,,
,#......#..8..#........
,
#..$ggg##########.####
,#....@.#........#.# #
#.##..$..######.#.####
, , #.....+....#.#.#...
#.....####'#.#.#...
###..........#.#... *
###.####.....#.#### *
...#.(#........... +,
...#..#.........##
..<.#..#.....#.....


You could see 3 gnolls.

Vanquished Creatures
  A hound (D:4)
  An adder (D:4)
  An orc (D:4)
  3 ball pythons
  A bat (D:1)
  2 endoplasms
  2 giant cockroaches (D:4)
  6 goblins
  3 hobgoblins (D:4)
  3 jackals (D:1)
  A kobold (D:1)
  A frilled lizard (D:1)
  A rat (D:1)
26 creatures vanquished.

Vanquished Creatures (others)
  38 foxfires
38 creatures vanquished.

Grand Total: 64 creatures vanquished

Notes
Turn   | Place    | Note
-------+----------+-------------------------------------------
     0 | D:1      | hawla the Meteoran Fire Elementalist began the quest for
                  | the Orb.
     0 | D:1      | Reached XP level 1. HP: 14/14 MP: 5/5
   247 | D:1      | Reached XP level 2. HP: 20/20 MP: 5/7
   248 | D:1      | Found Boxtarph's Antique Armour Shoppe.
   363 | D:1      | Learned a level 2 spell: Scorch
   452 | D:1      | Reached skill level 4 in Fire Magic
   472 | D:3      | You fall into a shaft and drop 1 floor!
   480 | D:4      | Noticed a hound
   484 | D:4      | Killed a hound
   485 | D:4      | Reached XP level 3. HP: 26/26 MP: 3/8
   485 | D:4      | Reached XP level 4. HP: 33/33 MP: 3/10
   658 | D:4      | Found a staircase to the Ecumenical Temple.
   658 | D:4      | Found an iron altar of Okawaru.
   890 | D:4      | Slain by a gnoll

Illustrated notes

Levels and vault maps discovered:
D:1:      zaba_arrival_water, layout_loops_corners, serial_shops,
          nicolae_shop_stone
D:2:      layout_rooms, shapermc_ecumenical_altar_mp_urbaneastern, basic_altar,
          minmay_misc_feat_secret_circle, minmay_misc_feat_plants,
          serial_bayou_lagoon_b
D:3:      layout_loops_ring, uniq_ijyb
D:4:      layout_basic, kennysheep_okawaru_gauntlet, temple_statues

Skill      XL: |  1  2  3  4 |
---------------+-------------+-----
Spellcasting   | 3 |  3.8
Fire Magic     | 4 |  4.7
Dodging        | 3 |  3.0
Fighting       | |  0.1
Stealth        | |  1.4
Conjurations   | |  1.9

Action                   |  1- 3 |  4- 6 || total
-------------------------+-------+-------++-------
Melee: Unarmed           |     2 |       ||     2
       Dagger            |     4 |    27 ||    31
 Cast: Foxfire           |    15 |    10 ||    25
       Scorch            |     2 |     2 ||     4
  Use: Scroll            |       |     1 ||     1
       Potion            |       |     1 ||     1
Armor: Robe              |       |     7 ||     7
Dodge: Dodged            |     1 |    11 ||    12
